3L
CHICAGO HAWKS @ LAS VEGAS FLAMINGOS
09/17/2029
 
TOP OF THE 1ST
Chicago Hawks batting - Pitching for Las Vegas Flamingos : RHP Doug Green
Pitching: RHP Doug Green
Batting: RHB Luis Rodríguez 0-0: Foul Ball, location: 2F
0-1: Foul Ball, location: 2F
0-2: Ball
1-2: Foul Ball, location: 2F
1-2: Ground out 5-3 (Groundball, 56)
Batting: RHB Paddy Hodnett 0-0: Ball
1-0: Ball
2-0: Ball
3-0: Called Strike
3-1: Base on Balls
Batting: LHB Jeff Simpson 0-0: Ball
1-0: Called Strike
1-1: Called Strike
1-2: Grounds into double play, 5-4-3 (Groundball, 5)
Top of the 1st over - 0 runs, 0 hits, 0 errors, 0 left on base; Chicago 0 - Las Vegas 0
BOTTOM OF THE 1ST
Las Vegas Flamingos batting - Pitching for Chicago Hawks : LHP Andrés Quezada
Pitching: LHP Andrés Quezada
Batting: RHB Sake van Arem 0-0: SINGLE (Line Drive, 5L)
Batting: LHB Victor Adams 0-0: Ball
1-0: Ball
2-0: Called Strike
2-1: Swinging Strike
2-2: DOUBLE (Line Drive, 78XD)
Sake van Arem to third
Runner from 3rd tries for Home, SAFE, no throw
Batting: SHB Wilbert Carter 0-0: Ball
Wild Pitch!
Victor Adams to third
1-0: Ball
2-0: Swinging Strike
2-1: Called Strike
2-2: Foul Ball, location: 2F
2-2: Fly out, F9 (Flyball, 9D)
Runner from 3rd tags up, SCORES, throw made
Batting: LHB Ruud van Ineveld 0-0: Called Strike
0-1: Ball
1-1: Ball
2-1: Fly out, F8 (Flyball, 8LS)
Batting: RHB Jeff Young 0-0: Swinging Strike
0-1: Ball
1-1: Fly out, F4 (Line Drive, 4)
Bottom of the 1st over - 2 runs, 2 hits, 0 errors, 0 left on base; Chicago 0 - Las Vegas 2
TOP OF THE 2ND
Chicago Hawks batting - Pitching for Las Vegas Flamingos : RHP Doug Green
Batting: RHB Enrique Marroquín 0-0: Foul Ball, location: 2F
0-1: Swinging Strike
0-2: Ball
1-2: Strikes out swinging
Batting: LHB Curt Wilson 0-0: Swinging Strike
0-1: Ball
1-1: Ball
2-1: Called Strike
2-2: Ball
3-2: Base on Balls
Batting: SHB Luis Manuel Flores 0-0: Grounds into double play, 5-4-3 (Groundball, 56)
Top of the 2nd over - 0 runs, 0 hits, 0 errors, 0 left on base; Chicago 0 - Las Vegas 2
BOTTOM OF THE 2ND
Las Vegas Flamingos batting - Pitching for Chicago Hawks : RHP Benny York
Pitching: RHP Benny York
Batting: RHB Rodney Usry 0-0: Ball
1-0: Ball
2-0: Ground out 5-3 (Groundball, 56)
Batting: RHB Xavier Hernández 0-0: Ball
1-0: Called Strike
1-1: Foul Ball, location: 2F
1-2: SINGLE (Groundball, 6MD)
Batting: LHB José Alonso 0-0: Ball
1-0: Ball
2-0: Called Strike
2-1: Foul Ball, location: 2F
2-2: Ball
3-2: Foul Ball, location: 2F
3-2: Foul Ball, location: 2F
3-2: Foul Ball, location: 2F
3-2: Fly out, F6 (Popup, 6MS)
Batting: RHB Arsenio Laurel 0-0: SINGLE (Groundball, 56D)
Xavier Hernández to second
Batting: RHB Sake van Arem 0-0: Called Strike
0-1: Fly out, F8 (Line Drive, 8LM)
Bottom of the 2nd over - 0 runs, 2 hits, 0 errors, 2 left on base; Chicago 0 - Las Vegas 2
TOP OF THE 3RD
Chicago Hawks batting - Pitching for Las Vegas Flamingos : RHP Doug Green
Batting: SHB Juan Ortega 0-0: Called Strike
0-1: Ball
1-1: Ball
2-1: Fly out, F8 (Line Drive, 8LM)
Batting: RHB Lorenzo Sabastro 0-0: Ball
1-0: Ground out 5-3 (Groundball, 5S)
Batting: LHB Dong-hee Chon 0-0: Ball
1-0: Called Strike
1-1: Ground out 6-3 (Groundball, 6)
Top of the 3rd over - 0 runs, 0 hits, 0 errors, 0 left on base; Chicago 0 - Las Vegas 2
BOTTOM OF THE 3RD
Las Vegas Flamingos batting - Pitching for Chicago Hawks : RHP Benny York
Batting: LHB Victor Adams 0-0: Foul Ball, location: 2F
0-1: Ball
1-1: Ground out 3-1 (Groundball, 3S)
Batting: SHB Wilbert Carter 0-0: Ball
1-0: Called Strike
1-1: SINGLE (Line Drive, 8LS)
Batting: LHB Ruud van Ineveld 0-0: Called Strike
Wilbert Carter steals 2nd base
0-1: 2-RUN HOME RUN (Flyball, 9LD), Distance : 351 ft
Batting: RHB Jeff Young 0-0: Ball
1-0: SINGLE (Groundball, 6D)
Batting: RHB Rodney Usry 0-0: Fly out, F8 (Line Drive, 8LD)
Batting: RHB Xavier Hernández 0-0: Ball
1-0: Called Strike
1-1: Called Strike
1-2: Ball
2-2: Ball
3-2: DOUBLE (Line Drive, 7LM)
Jeff Young to third
Jeff Young scores
Batting: LHB José Alonso 0-0: Swinging Strike
0-1: Ball
1-1: Ball
2-1: SINGLE (Groundball, 4D)
Xavier Hernández to third
Runner from 3rd tries for Home, throw and OUT!
Bottom of the 3rd over - 3 runs, 5 hits, 0 errors, 1 left on base; Chicago 0 - Las Vegas 5
TOP OF THE 4TH
Chicago Hawks batting - Pitching for Las Vegas Flamingos : RHP Doug Green
Batting: RHB Luis Rodríguez 0-0: Ball
1-0: Called Strike
1-1: Foul Ball, location: 2F
1-2: Strikes out swinging
Batting: RHB Paddy Hodnett 0-0: Called Strike
0-1: Hit by Pitch
Batting: LHB Jeff Simpson 0-0: Ball
1-0: Called Strike
1-1: Called Strike
1-2: Fielders Choice at 2nd, 1-6 (Groundball, P)
Batting: RHB Enrique Marroquín 0-0: Ball
1-0: Ball
2-0: Ball
3-0: Called Strike
3-1: Fly out, F7 (Line Drive, 7D)
Top of the 4th over - 0 runs, 0 hits, 0 errors, 1 left on base; Chicago 0 - Las Vegas 5
BOTTOM OF THE 4TH
Las Vegas Flamingos batting - Pitching for Chicago Hawks : RHP Benny York
Batting: RHB Arsenio Laurel 0-0: Ball
1-0: Called Strike
1-1: Ball
2-1: Swinging Strike
2-2: Foul Ball, location: 2F
2-2: Foul Ball, location: 2F
2-2: Ground out 6-3 (Groundball, 6M)
Batting: RHB Sake van Arem 0-0: Swinging Strike
0-1: Ground out 5-3 (Groundball, 5)
Batting: LHB Victor Adams 0-0: Ball
1-0: Fly out, F6 (Popup, 6MD)
Bottom of the 4th over - 0 runs, 0 hits, 0 errors, 0 left on base; Chicago 0 - Las Vegas 5
TOP OF THE 5TH
Chicago Hawks batting - Pitching for Las Vegas Flamingos : RHP Doug Green
Batting: LHB Curt Wilson 0-0: Ball
1-0: Ground out 4-3 (Groundball, 34D)
Batting: SHB Luis Manuel Flores 0-0: Ball
1-0: Foul Ball, location: 2F
1-1: Ball
2-1: SINGLE (Line Drive, 56D)
Batting: SHB Juan Ortega 0-0: Ball
1-0: Called Strike
1-1: Ball
2-1: Called Strike
2-2: Strikes out swinging
Batting: RHB Lorenzo Sabastro 0-0: Ball
1-0: Ball
2-0: Ball
3-0: Called Strike
3-1: SINGLE (Line Drive, 7LS)
Luis Manuel Flores to second
Batting: LHB Dong-hee Chon 0-0: Called Strike
0-1: Ball
1-1: Ball
2-1: Foul Ball, location: 2F
2-2: Foul Ball, location: 2F
2-2: Ball
3-2: Strikes out swinging
Top of the 5th over - 0 runs, 2 hits, 0 errors, 2 left on base; Chicago 0 - Las Vegas 5
BOTTOM OF THE 5TH
Las Vegas Flamingos batting - Pitching for Chicago Hawks : RHP Benny York
Batting: SHB Wilbert Carter 0-0: Ball
1-0: Foul Ball, location: 2F
1-1: Called Strike
1-2: Foul Ball, location: 2F
1-2: Strikes out swinging
Batting: LHB Ruud van Ineveld 0-0: Foul Ball, location: 2F
0-1: Foul Ball, location: 2F
0-2: Fly out, F4 (Popup, 4)
Batting: RHB Jeff Young 0-0: Ball
1-0: Swinging Strike
1-1: Ground out 6-3 (Groundball, 6)
Bottom of the 5th over - 0 runs, 0 hits, 0 errors, 0 left on base; Chicago 0 - Las Vegas 5
TOP OF THE 6TH
Chicago Hawks batting - Pitching for Las Vegas Flamingos : RHP Doug Green
Batting: RHB Luis Rodríguez 0-0: Foul Ball, location: 2F
0-1: Ball
1-1: Foul Ball, location: 2F
1-2: Fly out, F5 (Popup, 15)
Batting: RHB Paddy Hodnett 0-0: Ball
1-0: Called Strike
1-1: Swinging Strike
1-2: Fly out, F9 (Flyball, 9LMF)
Batting: LHB Jeff Simpson 0-0: Swinging Strike
0-1: Foul Ball, location: 2F
0-2: Strikes out swinging
Top of the 6th over - 0 runs, 0 hits, 0 errors, 0 left on base; Chicago 0 - Las Vegas 5
BOTTOM OF THE 6TH
Las Vegas Flamingos batting - Pitching for Chicago Hawks : RHP Benny York
Batting: RHB Rodney Usry 0-0: Ball
1-0: DOUBLE (Flyball, 78D)
Pitching: LHP Dalton García
Batting: RHB Xavier Hernández 0-0: Ball
1-0: Ball
2-0: Called Strike
2-1: Ball
3-1: Swinging Strike
3-2: Foul Ball, location: 2F
3-2: Fly out, F9 (Flyball, 9LS)
Batting: LHB José Alonso 0-0: 2-RUN HOME RUN (Flyball, 9D), Distance : 403 ft
Batting: RHB Arsenio Laurel 0-0: Ball
1-0: Ball
2-0: Called Strike
2-1: Ground out 5-3 (Groundball, 5)
Batting: RHB Sake van Arem 0-0: Fly out, F8 (Flyball, 78M)
Bottom of the 6th over - 2 runs, 2 hits, 0 errors, 0 left on base; Chicago 0 - Las Vegas 7
TOP OF THE 7TH
Chicago Hawks batting - Pitching for Las Vegas Flamingos : RHP Doug Green
Batting: RHB Enrique Marroquín 0-0: Ball
1-0: Fly out, F7 (Flyball, 7S)
Batting: LHB Curt Wilson 0-0: Called Strike
0-1: SINGLE (Groundball, 34D)
Batting: SHB Luis Manuel Flores 0-0: Ball
1-0: Fly out, F6 (Popup, 6)
Batting: SHB Juan Ortega 0-0: Called Strike
0-1: Foul Ball, location: 2F
0-2: Foul Ball, location: 2F
0-2: Strikes out swinging
Top of the 7th over - 0 runs, 1 hit, 0 errors, 1 left on base; Chicago 0 - Las Vegas 7
BOTTOM OF THE 7TH
Las Vegas Flamingos batting - Pitching for Chicago Hawks : LHP Dalton García
Batting: LHB Victor Adams 0-0: Called Strike
0-1: Ball
1-1: Fly out, F9 (Flyball, 89D)
Batting: SHB Wilbert Carter 0-0: Ball
1-0: Ball
2-0: Fly out, F9 (Line Drive, 9)
Batting: LHB Ruud van Ineveld 0-0: Foul Ball, location: 2F
0-1: Ball
1-1: Ground out U3 (Groundball, 3S)
Bottom of the 7th over - 0 runs, 0 hits, 0 errors, 0 left on base; Chicago 0 - Las Vegas 7
TOP OF THE 8TH
Chicago Hawks batting - Pitching for Las Vegas Flamingos : RHP Doug Green
Batting: RHB Lorenzo Sabastro 0-0: Fly out, F8 (Flyball, 8RS)
Batting: LHB Dong-hee Chon 0-0: Called Strike
0-1: Ball
1-1: Ball
2-1: Foul Ball, location: 2F
2-2: Ball
3-2: Strikes out looking
Batting: RHB Luis Rodríguez 0-0: Swinging Strike
0-1: Swinging Strike
0-2: Foul Ball, location: 2F
0-2: Ball
1-2: Ball
2-2: Strikes out looking
Top of the 8th over - 0 runs, 0 hits, 0 errors, 0 left on base; Chicago 0 - Las Vegas 7
BOTTOM OF THE 8TH
Las Vegas Flamingos batting - Pitching for Chicago Hawks : LHP Dalton García
Batting: RHB Jeff Young 0-0: Foul Ball, location: 2F
0-1: Ball
1-1: Ground out 4-3 (Groundball, 4M)
Batting: RHB Rodney Usry 0-0: Called Strike
0-1: Ball
1-1: Ball
2-1: Ground out 6-3 (Groundball, 6D)
Batting: RHB Xavier Hernández 0-0: Ball
1-0: Ball
2-0: Ball
3-0: Called Strike
3-1: Swinging Strike
3-2: DOUBLE (Line Drive, 8LXD)
Batting: LHB José Alonso 0-0: Ball
1-0: Called Strike
1-1: Called Strike
1-2: Foul Ball, location: 2F
1-2: Foul Ball, location: 2F
1-2: Ball
2-2: Fly out, F9 (Flyball, 9D)
Bottom of the 8th over - 0 runs, 1 hit, 0 errors, 1 left on base; Chicago 0 - Las Vegas 7
TOP OF THE 9TH
Chicago Hawks batting - Pitching for Las Vegas Flamingos : RHP Doug Green
Batting: RHB Paddy Hodnett 0-0: Hit by Pitch
Batting: LHB Jeff Simpson 0-0: Called Strike
0-1: DOUBLE (Line Drive, 89XD)
Paddy Hodnett to third
Batting: RHB Enrique Marroquín 0-0: Ball
1-0: Foul Ball, location: 2F
1-1: Fly out, F3 (Popup, 3F)
Batting: LHB Curt Wilson 0-0: Fly out, F9 (Flyball, 9S)
Batting: SHB Luis Manuel Flores 0-0: Called Strike
0-1: Ball
1-1: Ball
2-1: Foul Ball, location: 2F
2-2: Ball
3-2: Foul Ball, location: 2F
3-2: Foul Ball, location: 2F
3-2: Base on Balls
Batting: SHB Juan Ortega 0-0: Fly out, F6 (Popup, 6MD)
Top of the 9th over - 0 runs, 1 hit, 0 errors, 3 left on base; Chicago 0 - Las Vegas 7
Tuesday, December 19th, 2017 - OOTP Baseball 18.8 Build 76